AoeStats
← 小尚

Arena

510571667Analyzed
4v4 RM · 1d ago on Oct 1, 2026· 51m 40s· 8 players
Game mode
Random Map
Map size
Large (8 player)
Population
200
Speed
Normal
Resources
Standard
Victory
Conquest
Starting age
Dark Age
Ending age
Imperial Age
RankedLock teamsTeams togetherTeam positionsShared explorationLock speedFull tech treeHidden civsTurbo modeCheats
Victory
Defeat
🇮🇳 Slavs · India
1195
+17
🇮🇳 Bengalis · India
1195
+17
🇨🇳 Persians · China
1186
+17
1179
+19
🇫🇷 Poles · France
1226
-18
🇵🇱 Hindustanis · Poland
1224
-18
🇪🇸 Cumans · Spain
1222
-17
🇲🇽 Koreans · Mexico
1199
-17
Aka1412
0:29 Loom
11:02 Feudal Age
11:07 Loom
18:59 Castle Age
25:39 Man-at-Arms
28:44 Long Swordsman
29:28 Squires
39:51 Squires
42:37 Pikeman
44:08 Scale Mail Armor
47:03 Chain Mail Armor
47:00 Forging
51:40 Iron Casting
51:12 Gold Mining
CyberAthlete
10:55 Feudal Age
14:38 Castle Age
13:14 Double-Bit Axe
13:11 Horse Collar
16:33 Wheelbarrow
20:01 Bow Saw
19:54 Heavy Plow
20:44 Hand Cart
22:01 Gold Mining
22:37 Loom
24:49 Gold Shaft Mining
24:04 Stone Mining
28:47 Imperial Age
26:49 Ballistics
26:24 Fletching
26:34 Padded Archer Armor
27:01 Town Watch
27:24 Bodkin Arrow
29:21 Leather Archer Armor
29:28 Elite Elephant Archer
31:08 Bracer
31:38 Ring Archer Armor
33:08 Paiks
34:21 Chemistry
36:56 Bloodlines
36:46 Husbandry
36:08 Light Cavalry
37:25 Light Cavalry
39:15 Conscription
46:59 Mahayana
驯龙骑士尹志平
10:58 Feudal Age
14:38 Castle Age
12:35 Double-Bit Axe
12:35 Horse Collar
13:35 Stone Mining
13:42 Gold Mining
15:30 Bow Saw
25:52 Heavy Plow
30:04 Imperial Age
27:21 Loom
27:22 Town Watch
28:19 Wheelbarrow
29:06 Stone Shaft Mining
28:45 Forging
28:35 Scale Mail Armor
28:38 Town Patrol
29:31 Hand Cart
29:08 Treadmill Crane
29:24 Pikeman
29:49 Arson
30:43 Iron Casting
30:23 Chain Mail Armor
31:49 Crop Rotation
32:21 Two-Man Saw
31:33 Halberdier
33:49 Blast Furnace
33:22 Plate Mail Armor
39:27 Chemistry
38:48 Ballistics
38:34 Siege Engineers
41:01 Fortified Wall
44:14 Arquebus
44:36 Conscription
49:50 Elite Organ Gun
小尚
9:50 Feudal Age
14:51 Castle Age
13:23 Horse Collar
14:37 Double-Bit Axe
21:24 Bow Saw
22:15 Wheelbarrow
22:41 Gold Mining
22:54 Stone Mining
23:13 Heavy Plow
23:42 Hand Cart
24:25 Gold Shaft Mining
27:32 Stone Shaft Mining
26:48 Loom
27:24 Scale Barding Armor
27:30 Forging
30:55 Imperial Age
28:56 Chain Barding Armor
29:12 Iron Casting
28:51 Bloodlines
28:42 Husbandry
29:57 Kamandaran
30:26 Town Watch
30:35 Fletching
30:46 Padded Archer Armor
31:53 Coinage
31:48 Conscription
31:38 Elite War Elephant
35:27 Crop Rotation
35:39 Plate Barding Armor
36:33 Ballistics
36:24 Masonry
37:16 Chemistry
42:21 Bodkin Arrow
42:42 Leather Archer Armor
42:49 Caravan
43:54 Hoardings
43:32 Crossbowman
44:18 Thumb Ring
44:47 Ring Archer Armor
44:52 Architecture
44:19 Murder Holes
43:50 Elite Skirmisher
46:14 Banking
TdB.Espisao
8:50 Feudal Age
10:05 Double-Bit Axe
12:57 Horse Collar
20:23 Castle Age
18:19 Gold Mining
20:00 Wheelbarrow
20:34 Bloodlines
21:00 Scale Barding Armor
22:38 Forging
23:22 Heavy Plow
24:30 Iron Casting
24:16 Chain Barding Armor
25:10 Hand Cart
24:40 Town Watch
25:53 Light Cavalry
27:17 Loom
30:19 Imperial Age
28:51 Bow Saw
29:04 Fletching
30:13 Bodkin Arrow
31:19 Gold Shaft Mining
30:53 Stone Mining
30:39 Elite Steppe Lancer
31:56 Plate Barding Armor
32:07 Town Patrol
33:40 Blast Furnace
33:41 Steppe Husbandry
35:07 Padded Archer Armor
36:14 Two-Man Saw
35:55 Conscription
38:51 Crop Rotation
38:27 Hussar
39:28 Leather Archer Armor
42:38 Parthian Tactics
42:57 Ring Archer Armor
42:44 Heavy Cavalry Archer
43:48 Ballistics
44:39 Scale Mail Armor
44:42 Pikeman
45:22 Squires
46:30 Chemistry
45:57 Halberdier
50:23 Thumb Ring
math-hbcn
10:50 Feudal Age
15:32 Castle Age
13:20 Double-Bit Axe
13:50 Horse Collar
16:46 Bow Saw
20:36 Loom
20:44 Stone Mining
22:04 Wheelbarrow
23:10 Gold Mining
25:01 Stone Shaft Mining
28:57 Imperial Age
27:29 Husbandry
27:50 Scale Mail Armor
28:01 Forging
28:30 Heavy Plow
28:50 Hand Cart
29:55 Chain Mail Armor
30:07 Conscription
29:13 Capped Ram
29:17 Elite Obuch
31:06 Plate Mail Armor
30:54 Town Watch
32:49 Iron Casting
33:04 Ballistics
32:16 Siege Ram
33:18 Onager
34:45 Masonry
35:36 Chemistry
36:10 Blast Furnace
35:00 Fletching
36:35 Padded Archer Armor
36:55 Bloodlines
36:10 Light Cavalry
36:23 Elite Skirmisher
37:10 Thumb Ring
37:57 Bodkin Arrow
38:18 Leather Archer Armor
37:58 Treadmill Crane
38:20 Winged Hussar
39:04 Bracer
40:40 Town Patrol
42:12 Scale Barding Armor
44:07 Chain Barding Armor
45:48 Siege Ram
NPC
10:06 Feudal Age
14:23 Castle Age
12:41 Double-Bit Axe
16:10 Bow Saw
17:02 Horse Collar
18:51 Loom
19:24 Heavy Plow
20:47 Wheelbarrow
20:37 Town Watch
23:07 Hand Cart
23:51 Gold Mining
24:51 Fortified Wall
28:44 Imperial Age
27:17 Scale Barding Armor
27:22 Forging
27:24 Bloodlines
27:18 Husbandry
28:50 Chain Barding Armor
29:31 Iron Casting
30:38 Chemistry
30:30 Conscription
31:29 Plate Barding Armor
30:22 Heavy Camel Rider
31:02 Fletching
32:42 Blast Furnace
32:09 Padded Archer Armor
35:15 Shatagni
35:52 Leather Archer Armor
40:07 Imperial Camel Rider
43:50 Squires
48:43 Scale Mail Armor
48:43 Pikeman
51:25 Chain Mail Armor
Gerald Genta
6:10 Loom
8:36 Feudal Age
9:43 Double-Bit Axe
13:37 Horse Collar
15:46 Fletching
22:34 Castle Age
27:54 Gold Mining
28:06 Heavy Plow
28:18 Bow Saw
28:44 Squires
28:30 Arson
28:57 Forging
28:47 Scale Mail Armor
30:51 Stone Mining
33:10 Iron Casting
32:50 Chain Mail Armor
34:21 Bodkin Arrow
39:31 Imperial Age
37:29 Elite Skirmisher
38:14 Thumb Ring
38:33 Thumb Ring
39:22 Ballistics
40:49 Fortified Wall
41:41 Chemistry
49:15 Wheelbarrow
50:32 Hand Cart
Connection lost

Rejoining the realm…

Still unreachable

The connection could not be restored.

Session expired

The server has moved on; the page needs a fresh start.